[Event "Late-Titled-Tuesday-Blitz-April-30-2024"]
[Site "Chess.com"]
[Date "2024.04.30"]
[Round "4"]
[White "jactorres"]
[Black "VirtualCoach"]
[Result "1-0"]
[WhiteElo "2446"]
[BlackElo "2068"]
[TimeControl "180+1"]
[EndTime "14:40:48 PDT"]
[Termination "jactorres won by resignation"]

1. e4 c5 2. Nf3 Nc6 3. d4 cxd4 4. Nxd4 Nf6 5. Nc3 e5 6. Ndb5 d6 7. Nd5 Nxd5 8. exd5 Nb8 9. a4 Be7 10. Be3 a6 11.
Nc3 O-O 12. g4 f5 13. gxf5 Bxf5 14. Qd2 Nd7 15. O-O-O Rc8 16. Bd3 Nc5 17. Bxc5 Rxc5 18. Kb1 Bg5 19. Qe2 Qb6 20. Bxf5 Rxf5 21. Ne4 Ra5 22.
Nxg5 Rb5 23. axb5 Rxg5 24. Qe3 Qd8 25. Rdg1 Rf5 26. Rg2 g6 27. Rhg1 Rf4 28. Rg4 Rf6 29. h4 Kf7 30. h5 axb5 31. hxg6+ hxg6 32. Qh6 Qg8 33. Rh1 Rxf2 34. Qh7+ Qxh7 35. Rxh7+ Kf6 36. Rxb7 Rd2 37. Rxb5 Kf5 38. Rg1 g5 39. Kc1 Rd4 40. c3 Rd3 41. Kc2 Rf3 42. Rb8 Rf2+ 43. Kb3 Rd2 44. Rf8+ Ke4 45. Rg8 Kxd5 46. R8xg5 Kc5 47. R5g2 Rd3 48. Re2 Rf3 49. Rge1 Rf8 50. Kc2 Rf3 51. b4+ Kd5 52. Rd1+ Kc6 53. Red2 Rf6 54. Kb3 Rg6 55. Re1 Re6 56. c4 Rg6 57. b5+ Kb6 58. Red1 Rg3+ 59. Kb4 1-0

[Event "Late-Titled-Tuesday-Blitz-April-30-2024"]
[Site "Chess.com"]
[Date "2024.04.30"]
[Round "4"]
[White "KVAIDAN"]
[Black "Levanzovsky"]
[Result "0-1"]
[WhiteElo "2346"]
[BlackElo "2510"]
[TimeControl "180+1"]
[EndTime "14:40:49 PDT"]
[Termination "Levanzovsky won by checkmate"]

1. f4 c5 2. Nf3 Nc6 3. d3 d5 4.
e3 g6 5. Be2 Bg7 6. O-O e5 7.
fxe5 Nxe5 8. Nxe5 Bxe5 9. d4 Bd6 10. Bb5+ Bd7 11. Bxd7+ Qxd7 12. Nc3 Ne7 13. Qf3 f5 14. Kh1 Qe6 15. b3 Rc8 16. Nb5 Bb8 17. dxc5 Rxc5 18. Nd4 Qe4 19. Ba3 Rc3 20. Qxe4 dxe4 21. Rfe1 Nd5 22. Bb2 Rxe3 23. Rxe3 Nxe3 24. Nxf5 gxf5 25. Bxh8 Kd7 26. c4 Ke6 27. Re1 Nc2 28. Rd1 Nb4 29.
Rd8 Bd6 30. Bd4 Nc6 31. Re8+ Kd7 32. Rh8 Nxd4 33. Rxh7+ Ke6 34. Kg1 e3 35. Rh6+ Ke5 36.
Rh7 Bc5 37. Kf1 Ke4 38. Rh6 Kd3 39. Ke1 Bb4+ 40. Kf1 e2+ 41. Kf2 e1=Q# 0-1

[Event "Late-Titled-Tuesday-Blitz-April-30-2024"]
[Site "Chess.com"]
[Date "2024.04.30"]
[Round "4"]
[White "ChristopherYoo"]
[Black "artin10862"]
[Result "1/2-1/2"]
[WhiteElo "3028"]
[BlackElo "2862"]
[TimeControl "180+1"]
[EndTime "14:40:50 PDT"]
[Termination "Game drawn - insufficient material"]

1. d4 d5 2. Nf3 Nf6 3. c4 e6 4. Nc3 Be7 5. Bg5 O-O 6. e3 Nbd7 7. Rc1 h6 8. Bh4 c6 9. Qc2 dxc4 10. Bxc4 b5 11. Bd3 Bb7 12. O-O a6 13. a4 c5 14.
axb5 Bxf3 15. gxf3 cxd4 16. exd4 axb5 17. Bxb5 Nb6 18.
Rfd1 Nfd5 19. Bg3 Bg5 20. Rb1 Rc8 21. Qd3 Bf4 22. Ne2 Qf6 23. Qe4 Bb8 24. Bd3 g6 25. f4 Ne7 26. Kh1 Nbd5 27. Qf3 h5 28.
f5 Nxf5 29. Bxf5 Qxf5 30. Qxf5 exf5 31. Bxb8 Rxb8 32. Nc3 Rfd8 33. Nxd5 Rxd5 34. Rd2 Rb4 35. Rbd1 Rdb5 36. d5 Rxb2 37. d6 Rxd2 38. Rxd2 Rb8 39. Kg2 Kg7 40. d7 Rd8 41. Kf3 Kf6 42. Kf4 Ke7 43.
Re2+ Kxd7 44. Kg5 Re8 45. Ra2 Re4 46. Kf6 Ke8 47. Ra8+ Kd7 48. Ra7+ Kd6 49. Rxf7 Rf4 50. Kxg6 Rxf2 51. Rxf5 Rxh2 52. Rxh5 Rxh5 53. Kxh5 1/2-1/2

[Event "Late-Titled-Tuesday-Blitz-April-30-2024"]
[Site "Chess.com"]
[Date "2024.04.30"]
[Round "4"]
[White "HATilay"]
[Black "LuisFSiles"]
[Result "1-0"]
[WhiteElo "2666"]
[BlackElo "2425"]
[TimeControl "180+1"]
[EndTime "14:40:50 PDT"]
[Termination "HATilay won by checkmate"]

1. e4 c5 2. Nf3 Nc6 3. Bb5 g6 4. Bxc6 dxc6 5. h3 Bg7 6. d3 Nf6 7. O-O Nd7 8. a3 a5 9. Nc3 e5 10. Be3 b6 11. Qd2 h6 12. Na4 f5 13. Qc3 O-O 14.
b4 axb4 15. axb4 cxb4 16. Qxb4 c5 17. Qb3+ Kh7 18. Rfb1 fxe4 19. dxe4 Bb7 20. Nd2 Bc6 21. f3 Qh4 22. Nc3 Rxa1 23. Rxa1 Qd8 24. Ra7 Qb8 25. Ra1 Qb7 26. Nc4 Bf6 27. Nd6 Qc7 28. Ncb5 Bxb5 29. Nxb5 Qc6 30. c4 Bg5 31. Rd1 Nf6 32. Bxg5 hxg5 33. Rd6 Qa8 34. Qb2 Qa4 35. Qxe5 Qxc4 36. Nc3 Qb3 37. Rxf6 Rxf6 38. Qxf6 Qb2 39. Qf7+ Kh6 40.
Nd5 Qd4+ 41. Kh1 Qa1+ 42. Kh2 Qe5+ 43. f4 gxf4 44. Nxf4 g5 45. Qg6# 1-0

[Event "Late-Titled-Tuesday-Blitz-April-30-2024"]
[Site "Chess.com"]
[Date "2024.04.30"]
[Round "4"]
[White "kalinchick"]
[Black "guillembaches"]
[Result "1-0"]
[WhiteElo "2483"]
[BlackElo "2578"]
[TimeControl "180+1"]
[EndTime "14:40:51 PDT"]
[Termination "kalinchick won on time"]

1. Nf3 d5 2. g3 Nf6 3. Bg2 e6 4. O-O Be7 5. d3 O-O 6. c3 c5 7.
Nbd2 Nc6 8. e4 b5 9. Qe2 a5 10. Re1 b4 11. Nf1 Ba6 12. e5 Nd7 13. h4 a4 14. h5 a3 15. h6 g6 16. N1h2 Qa5 17.
c4 axb2 18. Bxb2 Nb6 19. Nd2 Qa4 20. Ng4 Qc2 21. Rab1 Nd4 22. Bxd4 cxd4 23. Rec1 Qa4 24. c5 Nd7 25. c6 Nc5 26. Nb3 Nxd3 27. Rc2 Rfc8 28.
Qd2 Rxc6 29. Bf1 Nc5 30. Nxc5 Rxc5 31. Bxa6 Qxa6 32. Rxc5 Bxc5 33. Nf6+ Kh8 34. Qf4 Qxa2 35. Rf1 Qc2 36. Nd7 Qf5 37. Qxf5 gxf5 38. Nxc5 Rc8 39. Nd3 Rc3 40. Ra1 Rc8 41. Nxb4 Kg8 42. Nc6 f6 43. Ne7+ 1-0

[Event "Late-Titled-Tuesday-Blitz-April-30-2024"]
[Site "Chess.com"]
[Date "2024.04.30"]
[Round "4"]
[White "frederiksvane"]
[Black "Shuvalov"]
[Result "0-1"]
[WhiteElo "2988"]
[BlackElo "2634"]
[TimeControl "180+1"]
[EndTime "14:40:52 PDT"]
[Termination "Shuvalov won by checkmate"]

1. e4 e6 2. d4 d5 3. exd5 exd5 4. Nf3 Nf6 5. Bd3 c5 6. O-O c4 7. Re1+ Be7 8. Bf1 O-O 9. b3 cxb3 10. axb3 Nc6 11.
h3 Bf5 12. Bb2 Re8 13. Na3 a6 14. c3 Ne4 15. Nc2 Bg6 16. Ne3 Rc8 17. Bd3 Bf6 18. Ng4 Qd6 19. Nxf6+ Qxf6 20. Re3 h6 21. Qe1 Re6 22. c4 Ng5 23. Nxg5 Rxe3 24. Qxe3 Bxd3 25. Nxf7 dxc4 26. Ne5 Nxe5 27. dxe5 Qe6 28. Rd1 Re8 29. bxc4 Bxc4 30. Qf3 Qf7 31. Qe4 Bb5 32. Rd6 Bc6 33. Qd4 Re6 34. Rd8+ Kh7 35. f3 Qg6 36. Kh2 Qg5 37.
Qd3+ Rg6 38. Qe2 Qxd8 39. h4 Qxh4+ 40. Kg1 Qg3 41. Qc2 Bxf3 42. e6 Bxg2 43. Be5 Qe1+ 44. Kh2 Qh1# 0-1

[Event "Late-Titled-Tuesday-Blitz-April-30-2024"]
[Site "Chess.com"]
[Date "2024.04.30"]
[Round "4"]
[White "VD_coach"]
[Black "Adar_07"]
[Result "0-1"]
[WhiteElo "2539"]
[BlackElo "2714"]
[TimeControl "180+1"]
[EndTime "14:40:52 PDT"]
[Termination "Adar_07 won on time"]

1. d4 Nf6 2. Nf3 b6 3. c4 Bb7 4.
Nc3 e6 5. e3 Bb4 6. Bd3 g5 7.
O-O g4 8. Nd2 h5 9. e4 Nc6 10.
Nb3 Nh7 11. d5 Ne5 12. Ne2 Ng5 13. Bf4 Bd6 14. Kh1 Qf6 15. Qd2 Nxd3 16. Bxd6 Nxf2+ 17. Kg1 cxd6 18. Rxf2 Qxf2+ 19. Kxf2 Nxe4+ 20. Ke3 Nxd2 21. Nxd2 exd5 22. cxd5 Bxd5 23. Nf4 Be6 24. Ne4 Ke7 25. Rd1 Rac8 26. Nxd6 Rc5 27. Ne4 Re5 28. Kd4 d6 29. g3 Rc8 30. b3 Rc2 31. Nd3 Rd5+ 32. Ke3 Bf5 33. Rf1 Bxe4 34. Kxe4 Rxd3 35. Kxd3 Rxh2 36.
Rc1 Rxa2 37. Rc7+ Ke6 38. Ke4 Rb2 39. Rxa7 Rxb3 40. Kf4 Rf3+ 41. Kg5 Rxg3 42. Kxh5 f5 43. Kg5 Rf3 0-1

[Event "Late-Titled-Tuesday-Blitz-April-30-2024"]
[Site "Chess.com"]
[Date "2024.04.30"]
[Round "4"]
[White "The_Straightforward_Rook"]
[Black "MNyuyu"]
[Result "1/2-1/2"]
[WhiteElo "2512"]
[BlackElo "2371"]
[TimeControl "180+1"]
[EndTime "14:40:52 PDT"]
[Termination "Game drawn - insufficient material"]

1. e4 d5 2. exd5 Qxd5 3. Nc3 Qd6 4. g3 c6 5. Bg2 Bf5 6. d3 e6 7. Nge2 Nf6 8. Bf4 Qd8 9. Qd2 Bd6 10. O-O O-O 11.
h3 Qc7 12. Bxd6 Qxd6 13. Qf4 Qxf4 14. Nxf4 Nbd7 15. g4 Bg6 16. b4 a6 17. a4 Nd5 18.
Ncxd5 exd5 19. Nxg6 hxg6 20. b5 axb5 21. axb5 Rfe8 22.
c4 Nb6 23. Rab1 cxb5 24. Rxb5 Ra6 25. Rfb1 Na4 26. Rxb7 dxc4 27. dxc4 Nc3 28. Rb8 Re6 29. Rxe8+ Rxe8 30. Rb7 Rc8 31. Bd5 Nxd5 32. cxd5 Rc1+ 33.
Kg2 Rd1 34. Rd7 Kf8 35. Rd8+ Ke7 36. Rg8 Rxd5 37. Rxg7 Kf8 38. Rh7 Kg8 39. Rh4 Kg7 40.
f4 f6 41. g5 fxg5 42. fxg5 Rxg5+ 43. Rg4 Ra5 44. Kg3 Kf6 45. Rb4 Kf5 46. Rc4 Ra3+ 47. Kg2 g5 48. Rc5+ Kg6 49. Rc4 Kh5 50. Rb4 Rd3 51.
Kh2 Kg6 52. Kg2 Rd5 53. Kg3 Kf5 54. Kg2 Re5 55. Kg3 Re3+ 56. Kg2 Rc3 57. Ra4 Re3 58. Rb4 Re4 59. Rxe4 Kxe4 60. Kg3 Kf5 61. h4 gxh4+ 62.
Kxh4 1/2-1/2

[Event "Late-Titled-Tuesday-Blitz-April-30-2024"]
[Site "Chess.com"]
[Date "2024.04.30"]
[Round "4"]
[White "PNEPaul"]
[Black "klercaku"]
[Result "0-1"]
[WhiteElo "1950"]
[BlackElo "2255"]
[TimeControl "180+1"]
[EndTime "14:40:54 PDT"]
[Termination "klercaku won on time"]

1. e4 e5 2. Nf3 Nc6 3. Bc4 Bc5 4. b4 Bxb4 5. c3 Ba5 6. d4 exd4 7. O-O d6 8. cxd4 Bb6 9. Nc3 Bg4 10. Be3 Nge7 11. Bxf7+ Kf8 12. h3 Kxf7 13. Ng5+ Ke8 14. Qxg4 Ng6 15.
Nxh7 Nce7 16. Ng5 Qd7 17. Ne6 Kf7 18. d5 Rh4 19. Qg3 Rhh8 20. Bxb6 axb6 21. Ng5+ Ke8 22. Ne6 Rg8 23. h4 Nf8 24. Nb5 Nxe6 25. dxe6 Qxb5 26.
Qf3 Qe5 27. Qf7+ Kd8 28. f4 Qf6 29. Qh5 g6 30. Qg4 Qg7 31. Rad1 Qc3 32. e5 Qc5+ 33. Kh2 Kc8 34. exd6 Nc6 35. d7+ Kd8 36. Qg5+ Ne7 37.
Qf6 Qh5 38. Qf7 Qxh4+ 39. Kg1 Qh8 0-1

[Event "Late-Titled-Tuesday-Blitz-April-30-2024"]
[Site "Chess.com"]
[Date "2024.04.30"]
[Round "4"]
[White "Jarming"]
[Black "SergioMoralesG"]
[Result "1/2-1/2"]
[WhiteElo "2677"]
[BlackElo "2468"]
[TimeControl "180+1"]
[EndTime "14:40:55 PDT"]
[Termination "Game drawn by repetition"]

1. c4 Nf6 2. g3 c6 3. Bg2 d5 4.
Nf3 Bg4 5. b3 Nbd7 6. Bb2 Bxf3 7. Bxf3 e5 8. d3 Bb4+ 9. Kf1 O-O 10. a3 Bd6 11. Nc3 d4 12. Ne4 Nxe4 13. Bxe4 f5 14.
Bg2 f4 15. gxf4 Rxf4 16. b4 Nf6 17. Bc1 Rf5 18. e4 dxe3 19. Bxe3 Qe7 20. Qe2 Rf8 21. Re1 Qf7 22. h4 h5 23. Bh3 Ng4 24. Bxg4 hxg4 25. Rg1 e4 26. dxe4 Rf3 27. Rxg4 Bg3 28. Kg2 Bxf2 29.
Rf1 Rxe3 30. Qxf2 Qxf2+ 31. Rxf2 Rxf2+ 32. Kxf2 Rxa3 33. e5 Kf7 34. e6+ Kxe6 35. Rxg7 b6 36. h5 Rh3 37. Rh7 a5 38. bxa5 bxa5 39. h6 Kd6 40.
Kg2 Rh5 41. Kg3 Kc5 42. Kg4 Rh1 43. Kg5 Kxc4 44. Rc7 c5 45. h7 a4 46. Kg6 Rxh7 47. Kxh7 a3 48. Ra7 Kb3 49. Kg6 c4 50. Kf5 c3 51.
Rb7+ Kc2 52. Ra7 Kb2 53. Rb7+ Ka1 54. Ke4 c2 55. Rc7 Kb1 56. Rb7+ Ka1 57. Rc7 Kb1 58.
Rb7+ Ka1 1/2-1/2

[Event "Late-Titled-Tuesday-Blitz-April-30-2024"]
[Site "Chess.com"]
[Date "2024.04.30"]
[Round "4"]
[White "mortngabriel"]
[Black "PoAslan"]
[Result "0-1"]
[WhiteElo "2513"]
[BlackElo "2388"]
[TimeControl "180+1"]
[EndTime "14:41:01 PDT"]
[Termination "PoAslan won on time"]

1. e4 c5 2. Nf3 e6 3. d4 cxd4 4. Nxd4 Nc6 5. Nc3 Qc7 6. Be3 a6 7. a3 Nf6 8. Bd3 b5 9. Nxc6 Qxc6 10. Qd2 Bb7 11. e5 Nd5 12. Be4 b4 13. Nxd5 exd5 14. Bf3 Rc8 15. axb4 Qxc2 16. Rd1 Qxd2+ 17. Bxd2 d6 18. exd6 Bxd6 19. Bc3 O-O 20. Bxd5 Rfe8+ 21. Kf1 Bxd5 22. Rxd5 Bxb4 23. Rd3 a5 24. g3 Bxc3 25. bxc3 Rb8 26. Kg2 h5 27. Ra1 Rb5 28. h4 Re2 29. Ra4 g6 30. c4 Rc5 31. Rd5 Re5 32. Rxc5 Rxc5 33. Kf3 Kg7 34. Ke4 Kf6 35. Kd4 Rf5 36. f4 Ke6 37. c5 Rd5+ 38. Kc4 Rd1 39. Rxa5 Rc1+ 40. Kb5 Kd5 41. Kb6 f5 42. c6+ Kd6 43.
Kb7 Rxc6 44. Ra3 Rc4 45. Re3 Re4 46. Rd3+ Kc5 47. Kc7 Kc4 48. Ra3 Kd4 49. Kd6 Re3 50. Ra4+ Kd3 51. Kd5 Ke2 52. Ra2+ Kf3 53. Ra6 Kxg3 54.
Rxg6+ Kxf4 55. Rg5 Rd3+ 56. Kc4 Rh3 57. Rxh5 Ke4 58.
Rh8 f4 59. Re8+ Kf3 60. Kd3 Rxh4 61. Kd2 Kf2 62. Rf8 f3 63. Rf7 Rd4+ 64. Kc3 Rd6 65. Rf5 Ke2 66. Re5+ Kf1 67. Rf5 f2 68. Kc2 Rd4 69.
Kc3 Rg4 70. Kd2 Kg2 71. Ke2 Re4+ 72. Kd3 Re8 73. Rg5+ Kf1 74. Rf5 Ke1 0-1

[Event "Late-Titled-Tuesday-Blitz-April-30-2024"]
[Site "Chess.com"]
[Date "2024.04.30"]
[Round "4"]
[White "Attacker_2006"]
[Black "erugee"]
[Result "1-0"]
[WhiteElo "2503"]
[BlackElo "2296"]
[TimeControl "180+1"]
[EndTime "14:41:01 PDT"]
[Termination "Attacker_2006 won on time"]

1. e4 e5 2. Nf3 Nc6 3. Bc4 Be7 4.
c3 Nf6 5. d3 O-O 6. Nbd2 d6 7.
h3 Kh8 8. g4 Be6 9. g5 Nd7 10.
h4 Bxc4 11. Nxc4 f6 12. g6 hxg6 13. Ne3 Nc5 14. b4 Ne6 15. h5 g5 16. Nf5 Nf4 17.
Bxf4 exf4 18. Qb3 Ne5 19. N3d4 Nxd3+ 20. Ke2 Ne5 21. Ne6 f3+ 22. Kf1 Qd7 23. Nxf8 Bxf8 24. Rd1 Qb5+ 25. Kg1 Re8 26. Nd4 Qd7 27. h6 Qg4+ 28.
Kf1 Qg2+ 29. Ke1 Qxh1+ 30. Kd2 Qh2 31. hxg7+ Bxg7 32. Kc1 Qf4+ 33. Kb2 Qh2 34. Ka3 a6 35. Nf5 b5 36. Qd5 Nc4+ 37. Kb3 Bf8 38. Qf7 Rd8 39. Qxf6+ Kg8 40. Qxg5+ Kf7 41. Qxd8 Qxf2 42. Qd7+ Kf6 43. Qd8+ Ke5 44. Rd5+ Kxe4 45. Rd4+ 1-0

[Event "Late-Titled-Tuesday-Blitz-April-30-2024"]
[Site "Chess.com"]
[Date "2024.04.30"]
[Round "4"]
[White "OIAM03"]
[Black "BeautiFullMindChess"]
[Result "0-1"]
[WhiteElo "1944"]
[BlackElo "2250"]
[TimeControl "180+1"]
[EndTime "14:41:02 PDT"]
[Termination "BeautiFullMindChess won on time"]

1. e4 c5 2. c3 Nf6 3. e5 Nd5 4. d4 cxd4 5. Nf3 g6 6. cxd4 Bg7 7. Bc4 Nb6 8. Bb3 O-O 9. O-O d5 10. Nc3 Bg4 11. h3 Bxf3 12. Qxf3 e6 13. Qg4 h5 14.
Qg3 Nc6 15. Be3 Nc8 16. Rac1 N8e7 17. Bc2 Qb6 18. Na4 Qb5 19. b3 Rac8 20. Nc5 Nb4 21. a4 Qc6 22. Bb1 b6 23. Ne4 Qa8 24. Nd6 Nbc6 25. Nxc8 Rxc8 26. Rc3 Na5 27. Rfc1 Rxc3 28.
Rxc3 Qb7 29. Bg5 Nec6 30. Bf6 Nxd4 31. Bd3 Naxb3 32. Kh2 Nc5 33. Bxg6 fxg6 34. Qxg6 Nf5 35. Qxh5 Qf7 36. Qxf7+ Kxf7 37. Bxg7 Kxg7 38. g4 Nd4 39. f4 Kg6 40. Kg2 Ne2 41. Rc2 Nxf4+ 42. Kf3 Nfd3 0-1

[Event "Late-Titled-Tuesday-Blitz-April-30-2024"]
[Site "Chess.com"]
[Date "2024.04.30"]
[Round "4"]
[White "HansOnTwitch"]
[Black "Ditman2007"]
[Result "1-0"]
[WhiteElo "3193"]
[BlackElo "2671"]
[TimeControl "180+1"]
[EndTime "14:41:03 PDT"]
[Termination "HansOnTwitch won by resignation"]

1. e4 e6 2. d4 d5 3. Nc3 Nf6 4. e5 Nfd7 5. f4 c5 6. Nf3 Nc6 7. Be3 h6 8. Qd2 g5 9. fxg5 cxd4 10. Nxd4 Ndxe5 11. Bb5 Bd7 12. O-O-O hxg5 13. Kb1 Be7 14.
Rhe1 a6 15. Nxc6 bxc6 16. Bf1 Ng4 17. Bd4 f6 18. h3 Nh6 19. Bd3 e5 20. Bg6+ Nf7 21.
Bxe5 fxe5 22. Rxe5 Rh6 23. Qd3 Kf8 24. Bxf7 Kxf7 25.
Nxd5 cxd5 26. Qxd5+ Kf8 27. Qxd7 Qxd7 28. Rxd7 Re8 29.
a4 Rf6 30. a5 Rf2 31. g4 Rf3 32. Ra7 Rf6 33. Rb7 Bd8 34. Rd5 Be7 35. Ka2 Re6 36. Rf5+ Kg7 37. Rd5 Rc8 38. Rxg5+ Kf7 39. Rf5+ Kg6 40. c3 Rc5 41. Rxe7 Rxa5+ 42. Rxa5 Rxe7 43. Rxa6+ Kg5 44. Ra5+ Kh4 45. Rh5+ Kg3 46. b4 Ra7+ 47. Kb3 Re7 48. b5 Kf4 49. Kb4 Re1 50. c4 Rb1+ 51.
Kc5 Ke4 52. b6 Rc1 53. Kb5 Rb1+ 54. Kc6 Kd4 55. c5 Kc4 56. b7 Rb2 57. Kc7 Kd4 58. c6 1-0

[Event "Late-Titled-Tuesday-Blitz-April-30-2024"]
[Site "Chess.com"]
[Date "2024.04.30"]
[Round "4"]
[White "rionelG"]
[Black "katharinareinecke"]
[Result "1-0"]
[WhiteElo "2283"]
[BlackElo "2041"]
[TimeControl "180+1"]
[EndTime "14:41:03 PDT"]
[Termination "rionelG won by checkmate"]

1. e4 c6 2. d4 d5 3. e5 Bf5 4. Nf3 e6 5. Be2 Ne7 6. O-O Bg6 7. Nbd2 Nf5 8. Nb3 Be7 9. h3 O-O 10. Bd2 Nd7 11. g4 Nh4 12. Nxh4 Bxh4 13. f4 h5 14. g5 Bf5 15. Bxh5 f6 16. Bg4 fxg5 17. fxg5 Bxg5 18. Bxf5 Rxf5 19. Rxf5 exf5 20. Qh5 Bxd2 21. Nxd2 c5 22. Rf1 cxd4 23. Qxf5 Nf8 24. Qf7+ Kh8 25. e6 Qg5+ 26. Kh1 Qh6 27. Qxf8+ Rxf8 28. Rxf8+ Kh7 29. e7 Qxh3+ 30. Kg1 Qg3+ 31. Kf1 Qe3 32. e8=Q Qh3+ 33. Ke2 Qg4+ 34. Kd3 Qg3+ 35. Kxd4 Qg1+ 36. Kxd5 Qg5+ 37. Ke6 Qe3+ 38. Kf7 Qf4+ 39. Ke7 Qe3+ 40. Kd7 Qxd2+ 41. Kc7 Qxc2+ 42.
Kb8 Qh2+ 43. Ka8 Qxb2 44. Rh8# 1-0

[Event "Late-Titled-Tuesday-Blitz-April-30-2024"]
[Site "Chess.com"]
[Date "2024.04.30"]
[Round "4"]
[White "schachlana"]
[Black "Artem_Koval"]
[Result "1-0"]
[WhiteElo "2380"]
[BlackElo "2545"]
[TimeControl "180+1"]
[EndTime "14:41:04 PDT"]
[Termination "schachlana won by checkmate"]

1. e4 c5 2. Nf3 d6 3. d4 cxd4 4. Qxd4 Nc6 5. Qe3 Nf6 6. c4 g6 7. h3 Bg7 8. Be2 O-O 9. Nc3 Nd7 10. O-O Nc5 11. Rd1 Bd7 12. Rb1 a5 13. b3 f5 14.
Bb2 fxe4 15. Nxe4 Nxe4 16. Bxg7 Kxg7 17. Qxe4 Bf5 18. Qe3 Bxb1 19. Rxb1 h6 20. Bd3 e5 21.
Qe4 Qf6 22. Nh4 Qxf2+ 23. Kh1 Rf6 24. Nxg6 Qd4 25. Qe2 Rxg6 26. Bxg6 Kxg6 27. Rf1 Rg8 28. Qf3 Qf4 29. Qd3+ e4 30. Qe2 Qh4 31. c5 d5 32.
Qb2 d4 33. Qe2 d3 34. Qe3 Re8 35. g3 Qg5 36. Qf2 Qe7 37. Qf5+ Kg7 38. Qf4 e3 39. Qg4+ Kh8 40. Qh5 Kh7 41. Rf7+ Kg8 42. Qg6+ Kh8 43. Qg7# 1-0

[Event "Late-Titled-Tuesday-Blitz-April-30-2024"]
[Site "Chess.com"]
[Date "2024.04.30"]
[Round "4"]
[White "karinachess1"]
[Black "WoodlandMagic"]
[Result "0-1"]
[WhiteElo "2606"]
[BlackElo "2869"]
[TimeControl "180+1"]
[EndTime "14:41:07 PDT"]
[Termination "WoodlandMagic won by checkmate"]

1. d4 Nf6 2. c4 c6 3. Nf3 d5 4. g3 g6 5. Bg2 Bg7 6. Qb3 O-O 7. O-O a5 8. Bf4 a4 9. Qc2 Bf5 10. Qc1 Nbd7 11. Na3 Qa5 12. Ne5 Nxe5 13. Bxe5 Rfc8 14.
Rd1 b5 15. c5 b4 16. Nc2 Qb5 17. Bf1 Qb7 18. Ne3 Bh6 19. Bxf6 exf6 20. f4 Be4 21. Ng4 Bg7 22. Nf2 Re8 23. e3 f5 24.
Re1 Re6 25. Bd3 Bf3 26. Qd2 Rae8 27. Bf1 Qe7 28. Qxb4 Rxe3 29. Nd3 Qe4 30. Ne5 Bxe5 31. fxe5 f4 32. Qd2 g5 33. Kf2 Rb8 34. Rab1 Bh5 35. Bg2 Qf5 36. Kg1 Bg6 37. Rbc1 Rxe1+ 38. Rxe1 f3 39. Rf1 g4 40. h3 h5 41. Bh1 Qd3 42. Qf2 Qc2 43. hxg4 hxg4 44. Re1 Rxb2 45. Qxc2 Rxc2 46. Rb1 f2+ 47. Kf1 Bd3+ 48. Kg2 f1=Q# 0-1

[Event "Late-Titled-Tuesday-Blitz-April-30-2024"]
[Site "Chess.com"]
[Date "2024.04.30"]
[Round "4"]
[White "db-banana"]
[Black "PawnEatingZombie"]
[Result "1-0"]
[WhiteElo "2472"]
[BlackElo "2208"]
[TimeControl "180+1"]
[EndTime "14:41:07 PDT"]
[Termination "db-banana won on time"]

1. e4 c5 2. d4 cxd4 3. c3 Nf6 4.
e5 Nd5 5. cxd4 e6 6. Nf3 d6 7. Bb5+ Bd7 8. Bxd7+ Qxd7 9. O-O Be7 10. Nc3 Nxc3 11.
bxc3 Nc6 12. Bf4 dxe5 13. Nxe5 Nxe5 14. Bxe5 O-O 15. Qg4 g6 16. Rab1 Rfc8 17. Rb3 Bf8 18. Qf3 Bg7 19. Rxb7 Qe8 20. Bxg7 Kxg7 21. Rfb1 a5 22. h4 h5 23. Qe4 Rxc3 24. d5 e5 25. d6 Qe6 26. Re7 Qxd6 27. Rxe5 Rac8 28. Re1 Rc1 29. g3 Rxe1+ 30. Qxe1 Rc1 31. Qxc1 Qxe5 32. Qd2 Qa1+ 33. Kg2 Qe5 34. Kf3 Qf5+ 35. Ke3 Qe5+ 36. Kd3 Qd5+ 37. Kc3 Qc5+ 38. Kb3 Qb5+ 39. Ka3 Qc5+ 40.
Ka4 Kh7 41. a3 Kg7 42. f4 Qc4+ 43. Kxa5 Qc5+ 44. Ka4 Qc4+ 45. Qb4 Qc2+ 46. Qb3 Qc6+ 47. Kb4 Qd6+ 48. Kc4 Qc6+ 49. Kd3 Qf3+ 50. Kc2 Qe2+ 51. Kc3 Qf3+ 52. Kb2 1-0

[Event "Late-Titled-Tuesday-Blitz-April-30-2024"]
[Site "Chess.com"]
[Date "2024.04.30"]
[Round "4"]
[White "HajiyevKanan"]
[Black "Harsha_Bharathakoti"]
[Result "1-0"]
[WhiteElo "2627"]
[BlackElo "2892"]
[TimeControl "180+1"]
[EndTime "14:41:09 PDT"]
[Termination "HajiyevKanan won by resignation"]

1. d4 e6 2. Nf3 c5 3. e3 Nf6 4. Be2 d5 5. O-O Nbd7 6. b3 b6 7. Bb2 Bb7 8. c4 Bd6 9. Nc3 cxd4 10.
Nxd4 O-O 11. cxd5 Nxd5 12. Bf3 N7f6 13. Nxd5 Nxd5 14. Nb5 Be7 15. Rc1 a6 16. Bxd5 exd5 17. Qg4 f6 18. Nc7 Bc8 19. Ne6 Bxe6 20. Qxe6+ Kh8 21. Rfd1 Bc5 22. Rxd5 Qe8 23. Qxe8 Rfxe8 24. Rcd1 Rac8 25. h4 Kg8 26. a3 Kf7 27. b4 Be7 28.
Bd4 Rc6 29. Rd7 Ke6 30. Rb7 b5 31. h5 g6 32. hxg6 hxg6 33. g4 Rd8 34. Kg2 Rh8 35. g5 Rh5 36. gxf6 Bxf6 37. Bxf6 Kxf6 38. Rbd7 Re5 39.
R1d6+ Re6 40. Rxe6+ Kxe6 41. Ra7 Kd5 42. f4 Kc4 43. e4 Kd4 44. Re7 Rc3 45. f5 gxf5 46.
exf5 Rxa3 47. f6 Ra2+ 48. Kg3 Ra1 49. Kg2 Ra2+ 50. Kg3 Ra1 51. Kf2 Ra2+ 52. Re2 1-0

[Event "Late-Titled-Tuesday-Blitz-April-30-2024"]
[Site "Chess.com"]
[Date "2024.04.30"]
[Round "4"]
[White "Roedor"]
[Black "kinga2008"]
[Result "1-0"]
[WhiteElo "2372"]
[BlackElo "2499"]
[TimeControl "180+1"]
[EndTime "14:41:09 PDT"]
[Termination "Roedor won by checkmate"]

1. c4 e5 2. g3 Nf6 3. Bg2 c6 4. d4 e4 5. a3 d5 6. Nc3 Nbd7 7. f3 Nb6 8. cxd5 exf3 9. Nxf3 Nbxd5 10. O-O Nxc3 11. bxc3 Be7 12. Ne5 O-O 13. e4 Bd6 14. Nd3 Bc7 15. Bg5 h6 16. Bxf6 gxf6 17. Qh5 Kg7 18. Rf2 f5 19. Raf1 Qg5 20. Qxg5+ hxg5 21. exf5 f6 22. Re2 Bd6 23. a4 Bd7 24. g4 Rae8 25. Rfe1 Rxe2 26. Rxe2 b6 27. h3 c5 28. dxc5 bxc5 29. a5 Bb5 30. Re6 Rd8 31. Bf1 Bc4 32.
Nf4 Bxf4 33. Bxc4 Rd7 34. Ra6 Be5 35. Be6 Rc7 36. c4 Bc3 37. Kg2 Bb4 38. Kf3 Be1 39.
Ke4 Bf2 40. Kd5 Rb7 41. Kc6 Re7 42. Kd6 Rb7 43. Rc6 Be1 44. a6 Rb3 45. Rc7+ Kh6 46. Rxa7 Bg3+ 47. Kc6 Ra3 48. Bg8 Bf4 49. Rh7# 1-0

[Event "Late-Titled-Tuesday-Blitz-April-30-2024"]
[Site "Chess.com"]
[Date "2024.04.30"]
[Round "4"]
[White "KogotBobra17"]
[Black "Alexei_Gubajdullin"]
[Result "1-0"]
[WhiteElo "2773"]
[BlackElo "2561"]
[TimeControl "180+1"]
[EndTime "14:41:10 PDT"]
[Termination "KogotBobra17 won by checkmate"]

1. e4 Nf6 2. e5 Nd5 3. Nc3 Nb6 4. d4 g6 5. Nf3 Bg7 6. Bf4 d6 7.
Be2 O-O 8. O-O Nc6 9. h3 Bf5 10.
Re1 dxe5 11. dxe5 Qxd1 12. Bxd1 Nc4 13. g4 Be6 14. b3 Nb6 15. a4 Nb4 16. Nb5 Rfc8 17.
Bd2 a5 18. Nfd4 Bd7 19. f4 c5 20. Nf3 Bc6 21. Kf2 Rd8 22. Be3 N6d5 23. Bxc5 Bxb5 24.
axb5 Rac8 25. Bxb4 axb4 26. Ra7 b6 27. f5 gxf5 28.
gxf5 Bh6 29. e6 f6 30. Nd4 Nc3 31. Nc6 Rd2+ 32. Be2 Ne4+ 33. Kg2 Bf8 34. h4 Kh8 35. Kf3 Nd6 36. Bd3 Re8 37. Rg1 Nc8 38. Rd7 Bh6 39. Rg4 Rd1 40. Rgd4 Nd6 41. Nxe7 Nxb5 42. Bxb5 Re1 43. Rd8 Re3+ 44. Kf2 Rxe6 45. Rxe8+ Kg7 46.
fxe6 f5 47. Nxf5+ Kf6 48. Nxh6 Ke5 49. Rg4 Kd6 50. e7 Kc7 51. Ng8 Kd6 52. Rf8 Kd5 53. e8=Q Kc5 54. Qc6# 1-0

[Event "Late-Titled-Tuesday-Blitz-April-30-2024"]
[Site "Chess.com"]
[Date "2024.04.30"]
[Round "4"]
[White "Good_Knight_Kiss"]
[Black "flubs"]
[Result "0-1"]
[WhiteElo "2344"]
[BlackElo "2510"]
[TimeControl "180+1"]
[EndTime "14:41:10 PDT"]
[Termination "flubs won on time"]

1. e4 c6 2. d4 d5 3. e5 Bf5 4. h4 h6 5. g4 Bd7 6. h5 e6 7. f4 c5 8. c3 Nc6 9. Nf3 Rc8 10.
Be3 Qb6 11. Rh2 cxd4 12. Nxd4 Bc5 13. Na3 Nxd4 14. Bxd4 Bxd4 15. Qxd4 Qxd4 16. cxd4 a6 17. Rc2 Rxc2 18. Nxc2 Ne7 19. Nb4 g6 20. Bd3 gxh5 21. gxh5 Rg8 22. Kf2 Rg4 23. Kf3 Rg7 24. Rc1 Kd8 25. Bb1 Be8 26. Nd3 Bc6 27. Nf2 Bb5 28. b3 a5 29. Rc5 Ba6 30. Rxa5 Nc6 31. Ra4 Bb5 32. Ra8+ Kc7 33. Rh8 Nxd4+ 34. Ke3 Nc6 35. Rxh6 Rg3+ 36. Kd2 Rf3 37. Nd3 Bxd3 38. Bxd3 Rxf4 39.
Rf6 Rh4 40. Rxf7+ Kb6 41. Bg6 Nxe5 42. Rf6 Rh2+ 43. Ke3 Ng4+ 44. Kf4 Nxf6 45. Kg5 Nxh5 46. Bxh5 Kc5 47. Bf7 e5 48. a3 e4 49. b4+ Kd6 50. Kg4 Rf2 51. Bg8 e3 52. Kg3 Rf8 53. Bh7 e2 0-1